Map: Lightshade LE

Players

LiquidClem (Clem) - Winner!

  • Race: Terran Terran
  • League: Grandmaster
  • Spawn Location: 11:00

Reynor

  • Race: Zerg Zerg
  • League: Master
  • Spawn Location: 5:00

Event: DreamHack SC2 Masters 2020 Winter

VOD

Have the link to the VOD?

Description

Time

  • Played on: Nov. 8, 2020, 2:54 p.m.
  • Length: 21:34

All games in this series

Show
View Real Time Build Order
Export as new Build Order

LiquidClem Terran - Winner!

Build Orders: Reaper Expand, Mech 

Get SALT Encoding   

  12  0:00  SCV  
  13  0:12  SCV  
  14  0:17  Supply Depot  
  14  0:24  SCV  
  15  0:38  SCV  
  15  0:40  Barracks  
  16  0:42  Refinery  
  16  0:50  SCV  
  17  1:02  SCV  
  18  1:15  SCV  
  19  1:26  Reaper  
  19  1:27  Orbital Command  
  20  1:39  Command Center  
  20  1:47  Supply Depot  
  20  1:52  SCV  
  21  1:58  Marine  
  22  2:04  SCV  
  23  2:11  Factory  
  23  2:16  SCV  
  23  2:19  Barracks Reactor  
  24  2:28  SCV  
  25  2:39  Command Center  
  25  2:41  SCV  
  26  2:52  Orbital Command  
  26  2:53  SCV  
  26  2:55  Refinery  
  27  3:01  Starport  
  27  3:06  SCV  
  30  3:13  Hellion  
  30  3:15  Hellion  
  30  3:19  Barracks Tech Lab  
  32  3:20  SCV  
  32  3:22  SCV  
  34  3:32  SCV  
  35  3:34  SCV  
  35  3:39  Hellion x2  
  35  3:40  Viking  
  41  3:44  SCV  
  41  3:46  SCV  
  43  3:54  Orbital Command  
  43  3:55  Fusion Core  
  43  3:58  SCV  
  43  3:59  SCV  
  45  4:04  Hellion  
  45  4:06  Hellion  
  49  4:10  SCV  
  49  4:11  Refinery  
  49  4:12  SCV  
  51  4:20  SCV  
  51  4:22  SCV  
  53  4:26  SCV, Supply Depot  
  53  4:28  Refinery  
  53  4:29  Hellion x2  
  58  4:35  SCV  
  58  4:36  SCV  
  60  4:41  SCV  
  61  4:48  SCV, Battlecruiser  
  61  4:49  Supply Depot  
  66  4:54  Hellion x2  
  66  4:55  SCV  
  69  5:00  Supply Depot  
  69  5:02  Barracks Tech Lab  
  69  5:09  Factory  
  69  5:10  SCV  
  69  5:12  Supply Depot  
  69  5:13  SCV  
  72  5:15  Factory  
  72  5:18  Hellion x2  
  75  5:21  Orbital Command  
  75  5:22  SCV  
  75  5:23  Supply Depot  
  75  5:25  SCV  
  77  5:34  SCV  
  78  5:36  Weapon Refit  
  78  5:37  SCV  
  78  5:39  Barracks Tech Lab, Hellion  
  78  5:40  Hellion  
  83  5:46  SCV  
  83  5:49  SCV  
  86  5:54  Supply Depot  
  86  5:55  Refinery  
  85  5:58  Battlecruiser  
  91  6:05  SCV, Hellion x2  
  91  6:06  SCV  
  91  6:10  Siege Tank  
  100  6:15  Siege Tank  
  100  6:17  SCV  
  102  6:22  SCV, Refinery  
  102  6:24  Supply Depot  
  99  6:29  SCV x2  
  101  6:33  Armory x2  
  101  6:35  Supply Depot  
  99  6:40  SCV, Hellion x2  
  99  6:46  SCV x2, Engineering Bay  
  106  6:50  Siege Tank  
  106  6:53  Siege Tank  
  112  6:55  SCV  
  112  6:58  SCV, Supply Depot  
  112  7:06  SCV, Hellion x2  
  117  7:11  SCV  
  119  7:16  Supply Depot  
  114  7:24  Battlecruiser  
  114  7:25  Missile Turret  
  114  7:28  SCV x3  
  113  7:30  Terran Vehicle Weapons Level 1  
  113  7:33  Terran Vehicle And Ship Armor Level 1  
  113  7:38  Cyclone  
  113  7:40  Cyclone  
  118  7:45  Mag-Field Accelerator  
  118  7:48  SCV x2  
  118  7:49  SCV  
  123  7:51  Widow Mine  
  123  7:52  Widow Mine  
  123  7:56  Command Center  
  125  8:10  Factory x2  
  127  8:13  Hellion  
  127  8:14  Cyclone, Hellion  
  127  8:15  Supply Depot, Missile Turret  
  127  8:16  Cyclone  
  135  8:21  SCV  
  135  8:22  SCV x2  
  135  8:27  Supply Depot  
  138  8:29  Infernal Pre-Igniter  
  138  8:35  Hellion  
  140  8:44  Supply Depot, Orbital Command  
  140  8:45  Hellion, Starport Reactor  
  142  8:49  Siege Tank x2  
  142  8:52  Supply Depot  
  148  8:58  Hellion  
  148  8:59  Factory Reactor  
  148  9:01  Barracks Reactor  
  144  9:07  SCV  
  145  9:10  SCV, Hellion  
  144  9:19  Cyclone  
  144  9:21  Cyclone, Supply Depot, Hellion  
  144  9:22  SCV  
  144  9:23  Missile Turret, Command Center  
  151  9:28  Cyclone  
  151  9:31  SCV, Hellion  
  152  9:36  Hellion x2  
  140  9:42  Planetary Fortress  
  141  9:45  Refinery  
  141  9:46  SCV x2, Refinery, Hellion  
  141  9:47  SCV  
  141  9:51  Cyclone  
  147  9:57  Missile Turret  
  139  10:01  Cyclone, Hellion  
  139  10:02  Hellion  
  139  10:05  Missile Turret  
  139  10:06  Hellion  
  139  10:07  Cyclone, Missile Turret  
  144  10:08  SCV x2  
  144  10:12  Terran Vehicle Weapons Level 2  
  144  10:14  SCV  
  147  10:17  Terran Vehicle And Ship Armor Level 2  
  147  10:20  SCV  
  148  10:26  Cyclone  
  152  10:28  SCV  
  152  10:33  Hellion  
  152  10:34  Hellion  
  156  10:37  Supply Depot x2  
  156  10:38  Cyclone  
  156  10:42  Cyclone  
  159  10:44  SCV  
  159  10:45  SCV  
  159  10:47  SCV x2  
  160  10:53  Hellion  
  160  10:54  Hellion  
  160  10:57  SCV  
  149  11:00  SCV, Hellion x2  
  149  11:02  Cyclone  
  133  11:11  Cyclone  
  133  11:17  Refinery  
  133  11:18  Hellion x2  
  136  11:23  Command Center  
  134  11:27  Siege Tank  
  134  11:32  Factory  
  137  11:34  Factory, Cyclone, Drilling Claws  
  137  11:37  Widow Mine x2  
  143  11:41  Hellion x2  
  143  11:42  Orbital Command  
  143  11:46  Cyclone  
  147  11:49  SCV  
  133  11:58  Hellion  
  133  11:59  Cyclone  
  134  12:03  Command Center, Hellion  
  136  12:10  Cyclone  
  136  12:12  Widow Mine x2  
  136  12:13  SCV x2  
  145  12:18  SCV  
  145  12:19  SCV  
  145  12:21  Cyclone  
  150  12:27  Hellion x2  
  150  12:28  Hellion  
  156  12:32  Siege Tank  
  156  12:34  SCV x2  
  156  12:36  SCV, Hellion x2  
  157  12:41  Command Center  
  157  12:42  Cyclone  
  154  12:47  Factory Tech Lab  
  154  12:53  Cyclone  
  154  12:55  Hellion  
  157  13:03  Hellion  
  157  13:13  Supply Depot x2  
  157  13:14  Cyclone x2  
  157  13:15  Hellion  
  157  13:19  Supply Depot  
  164  13:20  Hellion  
  164  13:21  Hellion x2  
  165  13:31  Hellion  
  165  13:34  Cyclone x2  
  165  13:38  Hellion  
  165  13:39  Hellion  
  163  13:43  Hellion  
  163  13:47  Siege Tank, Cyclone  
  152  14:06  Cyclone  
  152  14:07  Refinery  
  158  14:10  Refinery  
  156  14:19  Cyclone, Siege Tank  
  156  14:20  Widow Mine x2, Hellion x2  
  156  14:21  Hellion  
  156  14:23  Hellion  
  168  14:29  Siege Tank  
  161  14:34  Planetary Fortress  
  161  14:38  Orbital Command  
  159  14:44  Hellion  
  159  14:48  Cyclone  
  159  14:51  Cyclone  
  159  14:52  Missile Turret  
  159  14:57  Missile Turret  
  156  15:10  Siege Tank  
  156  15:13  Widow Mine x2, Hellion x3  
  166  15:14  Hellion  
  166  15:18  Missile Turret  
  168  15:26  SCV  
  168  15:27  SCV  
  170  15:34  Terran Vehicle Weapons Level 3  
  170  15:35  Siege Tank x2  
  176  15:39  SCV  
  183  15:44  Siege Tank x2  
  183  15:55  Command Center  
  183  16:07  Smart Servos, Cyclone  
  183  16:10  Siege Tank  
  187  16:11  Command Center  
  187  16:16  Siege Tank, Cyclone  
  187  16:17  Missile Turret, Hellion  
  197  16:18  Hellion  
  197  16:31  Widow Mine  
  197  16:32  Sensor Tower  
  199  16:39  Cyclone  
  196  16:47  Hellion  
  196  16:48  Cyclone  
  196  16:49  Hellion  
  196  16:53  Hellion  
  191  16:54  Cyclone  
  194  17:12  Missile Turret  
  186  17:18  Siege Tank x2  
  186  17:19  Hellion  
  186  17:20  Cyclone  
  186  17:21  Hellion x4  
  199  17:35  Hellion  
  199  17:36  Missile Turret  
  199  17:37  Siege Tank, Missile Turret  
  198  18:02  Missile Turret  
  198  18:03  Refinery  
  198  18:07  Refinery  
  198  18:10  Command Center  
  198  18:11  Cyclone x2, Terran Vehicle And Ship Armor Level 3  
  187  18:20  Cyclone  
  187  18:24  Cyclone  
  187  18:26  Hellion  
  187  18:27  Hellion  
  189  18:31  Hellion  
  189  18:32  Hellion  
  189  18:33  Hellion  
  169  18:40  Hellion  
  153  18:43  Cyclone, Siege Tank  
  159  18:52  SCV  
  159  18:53  SCV  
  168  18:55  Hellion  
  168  18:56  Hellion  
  168  19:01  Planetary Fortress  
  165  19:03  Cyclone  
  165  19:05  Cyclone  
  171  19:15  Cyclone  
  171  19:16  Cyclone  
  172  19:22  Refinery  
  172  19:35  Widow Mine x2, Cyclone  
  172  19:37  Thor  
  185  19:44  SCV x2  
  185  19:45  SCV  
  187  19:49  Orbital Command  
  191  19:53  Siege Tank x2  
  191  20:01  Viking x2  
  195  20:08  Siege Tank  
  195  20:11  Missile Turret  
  195  20:13  Missile Turret x2  
  198  20:17  Command Center  
  198  20:43  Command Center  
  196  21:00  Cyclone x2  
  196  21:01  Cyclone  
  188  21:13  Hellion x2  
Show
View Real Time Build Order
Export as new Build Order

Reynor Zerg 

Build Orders: Hatch First 

Get SALT Encoding   

  12  0:00  Drone  
  13  0:12  Overlord  
  13  0:16  Drone  
  14  0:30  Drone x2  
  16  0:47  Hatchery  
  15  0:51  Drone  
  15  0:54  Drone  
  17  0:57  Drone  
  18  1:07  Extractor  
  17  1:13  Spawning Pool  
  17  1:16  Drone  
  17  1:19  Drone  
  18  1:27  Drone  
  19  1:38  Drone  
  20  1:48  Overlord  
  20  2:00  Queen x2  
  20  2:01  Zergling x4  
  26  2:10  Drone x2  
  26  2:12  Metabolic Boost  
  28  2:21  Drone x2  
  30  2:32  Drone, Overlord  
  30  2:35  Queen  
  32  2:43  Drone x2  
  34  2:49  Pneumatized Carapace  
  34  2:53  Drone x2  
  36  3:07  Drone, Hatchery  
  36  3:08  Drone  
  36  3:11  Drone  
  38  3:13  Drone  
  39  3:22  Overlord  
  39  3:23  Drone x2  
  39  3:26  Queen  
  43  3:35  Overlord  
  43  3:39  Zergling x2  
  44  3:43  Drone x2  
  44  3:44  Zergling x6  
  44  3:48  Drone x2  
  51  3:51  Drone  
  51  3:53  Queen  
  54  3:57  Zergling x2  
  54  4:00  Drone  
  56  4:08  Drone, Queen  
  56  4:09  Extractor  
  58  4:13  Overlord  
  58  4:15  Drone  
  58  4:16  Drone  
  60  4:18  Drone x2  
  60  4:19  Drone  
  60  4:20  Overlord  
  63  4:30  Overlord  
  63  4:31  Drone x2, Roach Warren  
  63  4:32  Queen  
  66  4:39  Drone x4  
  66  4:40  Drone  
  66  4:42  Lair  
  71  4:50  Zergling x4  
  71  4:52  Zergling x2  
  71  4:56  Drone  
  71  4:57  Drone  
  71  4:59  Drone x2, Extractor  
  73  5:01  Overlord  
  73  5:05  Overlord  
  73  5:08  Evolution Chamber  
  73  5:11  Spore Crawler, Queen  
  73  5:13  Extractor  
  73  5:14  Spore Crawler, Overlord  
  71  5:15  Drone x2  
  71  5:18  Spore Crawler  
  72  5:22  Roach  
  72  5:26  Roach x2  
  72  5:28  Roach x3  
  84  5:30  Drone  
  84  5:31  Drone  
  84  5:33  Drone  
  84  5:34  Drone  
  84  5:35  Drone  
  89  5:36  Drone  
  89  5:40  Roach x2  
  93  5:44  Drone x2  
  93  5:45  Drone  
  93  5:47  Drone  
  93  5:49  Zerg Missile Weapons Level 1  
  96  5:51  Drone  
  96  5:55  Glial Reconstitution  
  96  5:56  Extractor x2  
  95  6:03  Overlord  
  97  6:04  Drone x2  
  97  6:05  Spire  
  97  6:08  Drone x3  
  97  6:12  Overlord  
  97  6:21  Overlord  
  97  6:24  Roach x5  
  101  6:32  Drone x2  
  103  6:33  Queen  
  103  6:35  Roach x2  
  103  6:38  Drone  
  103  6:39  Drone  
  111  6:48  Drone x2  
  111  6:50  Roach x2  
  111  6:52  Hatchery  
  116  6:54  Overlord x2  
  116  6:58  Overlord  
  115  7:28  Corruptor x9  
  131  7:34  Drone  
  131  7:35  Drone x4  
  131  7:37  Overlord  
  136  7:40  Corruptor  
  136  7:43  Roach x2  
  136  7:44  Roach  
  142  7:54  Corruptor x2, Overlord  
  142  8:03  Hatchery  
  139  8:08  Roach x7  
  153  8:15  Overlord x2  
  153  8:19  Roach x3  
  159  8:24  Ravager x3  
  159  8:25  Overlord  
  162  8:33  Extractor  
  161  8:36  Zergling x2, Ravager x5  
  161  8:37  Zergling x4  
  161  8:38  Roach  
  171  8:41  Roach x3  
  171  8:45  Roach  
  171  8:46  Roach x3, Overlord  
  185  8:54  Overlord  
  183  8:58  Roach x2  
  183  8:59  Roach  
  184  9:05  Overlord  
  183  9:13  Roach x6  
  183  9:14  Zerg Missile Weapons Level 2  
  194  9:22  Roach x2  
  194  9:23  Ravager  
  183  9:31  Corruptor x2  
  183  9:36  Roach x5  
  176  9:40  Drone x4  
  176  9:42  Corruptor  
  182  9:48  Corruptor  
  182  9:50  Drone x4  
  186  9:53  Roach x2  
  186  9:54  Extractor  
  171  10:01  Corruptor x2  
  171  10:03  Roach  
  171  10:04  Roach  
  175  10:08  Drone  
  175  10:10  Drone  
  173  10:15  Ravager x2  
  173  10:16  Ravager  
  173  10:17  Drone x5  
  173  10:20  Roach x4  
  189  10:24  Roach x2  
  193  10:29  Ravager x2  
  193  10:31  Roach  
  197  10:42  Roach  
  179  10:52  Roach  
  179  10:53  Roach x8  
  169  10:58  Roach  
  169  10:59  Roach x9  
  169  11:03  Roach x3  
  168  11:05  Roach  
  168  11:11  Roach x3  
  164  11:15  Drone x4  
  158  11:19  Ravager x4  
  158  11:20  Roach  
  164  11:28  Ravager x2  
  164  11:29  Roach  
  168  11:34  Roach x3  
  168  11:37  Roach x2  
  168  11:39  Roach  
  180  11:45  Hatchery  
  173  11:47  Roach x3  
  173  11:48  Roach x2  
  173  11:50  Roach  
  169  12:00  Drone x5  
  172  12:03  Ravager x4  
  172  12:04  Ravager  
  172  12:05  Roach x4  
  172  12:07  Drone x2  
  187  12:15  Ravager x2  
  189  12:16  Ravager x2  
  189  12:17  Roach, Zergling x8  
  189  12:18  Zergling x2  
  189  12:19  Roach  
  188  12:41  Roach x4  
  188  12:42  Roach x4  
  197  12:46  Zerg Ground Armor Level 1  
  197  12:48  Baneling Nest  
  197  12:49  Zergling x16  
  198  12:52  Evolution Chamber  
  189  13:01  Corruptor x4  
  184  13:09  Corruptor x2  
  179  13:13  Roach x3  
  180  13:22  Roach x6  
  180  13:29  Roach x5  
  159  13:44  Zergling x20  
  159  13:47  Roach x3  
  158  13:50  Centrifical Hooks  
  158  13:51  Drone x2  
  158  13:53  Drone  
  156  13:57  Drone x2  
  156  14:00  Ravager x4  
  156  14:01  Drone  
  157  14:04  Drone x2  
  157  14:06  Ravager x2  
  157  14:08  Zergling x4  
  157  14:09  Overseer  
  161  14:12  Drone  
  161  14:13  Queen  
  158  14:25  Zergling x14  
  158  14:29  Zergling x2, Roach  
  162  14:31  Zergling x6  
  162  14:33  Drone  
  166  14:38  Zergling x6  
  166  14:42  Zergling x2  
  166  14:43  Queen  
  166  14:44  Drone  
  166  14:45  Drone  
  163  14:48  Ravager  
  163  14:49  Drone, Ravager x3  
  163  14:50  Drone  
  163  14:51  Drone  
  169  14:52  Queen  
  169  14:55  Ravager x4  
  169  14:56  Drone x2  
  172  15:06  Roach x3, Zergling x6  
  179  15:07  Drone  
  179  15:12  Baneling x10  
  178  15:16  Roach x2  
  182  15:21  Baneling  
  182  15:22  Drone, Baneling x8  
  183  15:29  Drone x3  
  183  15:30  Zergling x4, Roach  
  183  15:35  Baneling x5  
  190  15:47  Zergling x20  
  192  15:55  Drone x2  
  192  15:59  Drone x2  
  192  16:00  Zerg Melee Weapons Level 1  
  192  16:03  Zergling x14  
  198  16:05  Hatchery  
  197  16:15  Baneling x14  
  197  16:19  Zerg Ground Armor Level 2  
  197  16:20  Infestation Pit  
  197  16:21  Zergling x6  
  197  16:25  Overseer x2  
  198  16:44  Zergling x12  
  198  16:45  Zergling x6  
  194  16:47  Drone x6  
  194  16:50  Drone x4  
  194  16:52  Roach  
  195  16:55  Drone  
  195  16:58  Hive  
  195  17:00  Zergling x2  
  195  17:01  Zergling x6  
  196  17:19  Zergling x18  
  181  17:24  Roach, Zergling x2  
  180  17:35  Zergling x10, Roach  
  171  17:37  Queen  
  171  17:38  Baneling x4  
  171  17:39  Corruptor  
  171  17:42  Ravager x2  
  171  17:43  Ravager x3  
  180  17:52  Zergling x10, Roach  
  180  17:57  Zergling x4, Roach  
  189  18:01  Corruptor  
  188  18:06  Roach x2, Zergling x2  
  190  18:13  Zergling x2, Roach  
  190  18:14  Zergling x8  
  181  18:20  Zergling x4, Roach  
  173  18:29  Overlord x3  
  143  18:39  Roach x3, Zergling x4  
  126  18:45  Roach, Zergling x2  
  129  18:48  Roach x2  
  129  18:53  Greater Spire  
  129  18:54  Ravager x4  
  129  18:55  Extractor  
  132  18:57  Roach x3  
  132  19:01  Extractor  
  137  19:09  Roach x2  
  145  19:10  Roach x2  
  145  19:13  Hatchery  
  145  19:15  Zergling x6  
  146  19:20  Corruptor x2  
  146  19:29  Extractor  
  144  19:42  Corruptor x4  
  144  20:03  Baneling x2  
  144  20:04  Baneling x2  
  144  20:07  Brood Lord x3  
  144  20:08  Brood Lord  
  144  20:14  Drone x2  
  154  20:16  Drone x2  
  156  20:21  Extractor  
  156  20:22  Brood Lord  
  156  20:23  Extractor  
  152  20:31  Brood Lord  
  153  20:44  Baneling x5  
  149  20:50  Zergling x8  
  153  20:57  Hatchery  
  153  21:04  Brood Lord  
  153  21:08  Zergling x12  
  155  21:13  Roach, Zergling x2  
Tags
 
Add a new tag
Caveats
  • Supply blocks, unpowered buildings, or Contaminate may cause inaccurate times.
  • Supply counts are checked every 10 seconds.